 Dungeon Crawl Stone Soup version 0.29-a0-22-gbf593b16ee (webtiles) character file.

Game seed: 14241566960744897927

206 Pooter the Chopper (level 5, -1/48 HPs)
             Began as a Minotaur Berserker on Jan 30, 2022.
             Was a Priest of Trog.
             Succumbed to a goblin's poison
             ... on level 3 of the Dungeon.
             The game lasted 00:08:11 (2833 turns).

Pooter the Chopper (Minotaur Berserker)             Turns: 2833, Time: 00:08:12

Health: -1/48      AC: 17    Str: 22 (23) XL:     5   Next: 53%
Magic:  4/4        EV: 10    Int:  2 (4)  God:    Trog [***...]
Gold:   38         SH:  0    Dex:  7 (10) Spells: 4/4 levels left

rFire   . . .      SeeInvis .   p - +5 trident (protect)
rCold   . . .      Faith    .   (no shield)
rNeg    . . .      Spirit   .   h - +3 scale mail
rPois   .          Reflect  .   (helmet restricted)
rElec   .          Harm     .   (no cloak)
rCorr   .          Rampage  .   (no gloves)
Will    ++...                   c - +0 pair of boots
Stlth   ..........              (no amulet)
HPRegen 1.16/turn               (no ring)
MPRegen 0.09/turn               (no ring)

@: lethally poisoned (-1 -> -6), strong-willed, under a protective aura, on
berserk cooldown, regenerating, slowed, very slow
A: horns 2, retaliatory headbutt
a: Renounce Religion, Berserk, Trog's Hand


You were on level 3 of the Dungeon.
You worshipped Trog.
Trog was most pleased with you.
You visited 1 branch of the dungeon, and saw 3 of its levels.

You collected 38 gold pieces.

Inventory:

Hand Weapons
 a - a +0 hand axe
 i - a +1 short sword of venom
   (You took it off an orc on level 3 of the Dungeon)
 p - a +5 trident of protection (weapon)
   (You took it off Terence on level 3 of the Dungeon)
Missiles
 d - 5 poisoned darts (quivered)
 m - 13 bolts
 n - 19 sling bullets
 Q - 63 stones
Armour
 b - a +0 animal skin
 c - a +0 pair of boots (worn)
   (You found it on level 1 of the Dungeon)
 h - a +3 scale mail (worn)
   (You found it on level 1 of the Dungeon)
Wands
 D - a wand of digging (5)
   (You took it off Terence on level 3 of the Dungeon)
Scrolls
 e - a scroll of magic mapping
 f - a scroll of blinking {unknown}
Potions
 g - a potion of brilliance {unknown}
 j - a potion of magic {unknown}
 k - a potion of mutation {unknown}
 l - a potion of heal wounds {unknown}
 o - a potion of degeneration {!q}
 q - a potion of flight {unknown}


   Skills:
 + Level 5.2 Fighting
 * Level 6.5 Axes
 + Level 0.8(4.1) Polearms
 - Level 2.4 Armour
 - Level 2.1 Dodging


You had 4 spell levels left.
You didn't know any spells.
Your spell library was empty.

Dungeon Overview and Level Annotations

Branches:
Dungeon (3/15)

Altars:
Zin


Innate Abilities, Weirdness & Mutations

You have a pair of horns on your head.
You reflexively headbutt those who attack you in melee.


Message History

Trog accepts your kill.
You are no longer berserk.
You are exhausted.
You feel yourself slow down.
You feel sick.
The goblin hits you but does no damage. x2
You are more poisoned.
The hobgoblin closely misses you.
You hit Robin.
You feel extremely sick.
The hobgoblin hits you but does no damage.
The goblin hits you but does no damage. x2
You are lethally poisoned!
The hobgoblin hits you but does no damage.
Robin hits you but does no damage.
The hobgoblin hits you but does no damage.
The goblin hits you but does no damage. The goblin completely misses you.
You puncture Robin! You headbutt Robin.
You kill Robin!
Trog accepts your kill.
* * * LOW HITPOINT WARNING * * *
You feel extremely sick.
The hobgoblin hits you but does no damage.
The hobgoblin barely misses you. You furiously retaliate!
You headbutt the hobgoblin. The goblin hits you with a +0 club.
* * * LOW HITPOINT WARNING * * *
The goblin completely misses you. The hobgoblin barely misses you.
You furiously retaliate!
You headbutt the hobgoblin. The hobgoblin completely misses you.
The hobgoblin barely misses you.
You hit the goblin.
You kill the goblin!
Trog accepts your kill.
* * * LOW HITPOINT WARNING * * *
You feel extremely sick. The goblin barely misses you. You furiously retaliate!
You headbutt the goblin!
You kill the goblin!
Trog accepts your kill.
The goblin shoots a stone.
The stone hits you but does no damage.
The hobgoblin hits you but does no damage.
The hobgoblin misses you. You furiously retaliate!
You headbutt the hobgoblin!
You kill the hobgoblin!
Trog accepts your kill.
The hobgoblin hits you but does no damage.
The goblin shoots a stone.
The stone closely misses you.
The stone hits the hobgoblin!
The hobgoblin dies!
The hobgoblin barely misses you.
It was a potion of degeneration.
There was something very wrong with that liquid.
You feel weakened.
You feel dopey.
You feel clumsy.
You die...

### ##########
.....##########.........
.....g)@)g..............
.>....g†)...............
.....##########.........
.... #......... ...
#......... ..
#####......... #
#.......[.....
#.............
#.............


You could see 2 hobgoblins and a goblin (strong).

Vanquished Creatures
  Terence (D:3)
  Robin (D:3)
  A gnoll (D:1)
  6 adders
  An ufetubus (D:3)
  A worm (D:3)
  3 dart slugs
  2 orcs (D:3)
  3 ball pythons (D:2)
  An endoplasm (D:1)
  3 giant cockroaches
  16 goblins
  9 hobgoblins
  9 jackals
  A quokka (D:2)
  5 bats
  5 frilled lizards
  10 kobolds
  7 rats
85 creatures vanquished.

Vanquished Creatures (others)
  A hobgoblin (D:3)
1 creature vanquished.

Grand Total: 86 creatures vanquished

Notes
Turn   | Place    | Note
-------+----------+-------------------------------------------
     0 | D:1      | Pooter the Minotaur Berserker began the quest for the Orb.
     0 | D:1      | Reached XP level 1. HP: 19/19 MP: 0/0
   134 | D:1      | Reached skill level 4 in Axes
   206 | D:1      | Reached XP level 2. HP: 22/27 MP: 1/1
   492 | D:1      | Found a faded altar of an unknown god.
   652 | D:1      | Reached ** piety under Trog
   654 | D:1      | Reached XP level 3. HP: 33/33 MP: 2/2
  1329 | D:2      | Reached skill level 5 in Axes
  1470 | D:2      | Reached XP level 4. HP: 41/41 MP: 3/3
  2089 | D:3      | Found a glowing silver altar of Zin.
  2167 | D:3      | Reached *** piety under Trog
  2177 | D:3      | Reached skill level 6 in Axes
  2177 | D:3      | Reached XP level 5. HP: 45/47 MP: 4/4
  2218 | D:3      | Noticed Terence
  2226 | D:3      | Killed Terence
  2227 | D:3      | Reached skill level 5 in Fighting
  2820 | D:3      | Noticed Robin
  2831 | D:3      | Killed Robin
  2832 | D:3      | HP: 2/48 [poisoned by a goblin]
  2833 | D:3      | Succumbed to a goblin's poison

Illustrated notes

Levels and vault maps discovered:
D:1:      matt_arrival_debris, layout_loops_ring, ebering_ecumenical_altar_mist
D:2:      layout_basic, nrook_campfire
D:3:      layout_basic, lemuel_crystal_altar, uniq_terence, uniq_robin

Skill      XL: |  1  2  3  4  5 |
---------------+----------------+-----
Axes           | 4 5 6 |  6.5
Fighting       | 4 5 |  5.2
Polearms       | |  0.8
Armour         | |  2.4
Dodging        | |  2.1

Action                   |  1- 3 |  4- 6 || total
-------------------------+-------+-------++-------
Melee: Hand axe          |    77 |    43 ||   120
       Headbutt          |    10 |    14 ||    24
       Trident           |       |    29 ||    29
       Short sword       |       |     3 ||     3
Throw: Dart              |     3 |     4 ||     7
Invok: Berserk           |       |     3 ||     3
       Trog's Hand       |       |     1 ||     1
  Use: Scroll            |       |     2 ||     2
       Potion            |       |     1 ||     1
 Stab: Sleeping          |     1 |       ||     1
Armor: Animal skin       |     9 |       ||     9
       Scale mail        |    20 |    56 ||    76
Dodge: Dodged            |    48 |    54 ||   102

Table legend: (Time is in decaauts)
 A = Elapsed time spent in this place.
 B = Non-inter-level travel time spent in this place.
 C = Inter-level travel time spent in this place.
 D = Time resting spent in this place.
 E = Time spent auto-exploring this place.
 F = Levels seen in this place.
 G = Mean time per level.
                   A        B        C        D        E       F      G
               +--------+--------+--------+--------+--------+-----+--------+
         Total |   2860 |   2801 |     59 |    242 |   2105 |   3 |  953.3 |
       Dungeon |   2860 |   2801 |     59 |    242 |   2105 |   3 |  953.3 |
               +--------+--------+--------+--------+--------+-----+--------+

Top non-repeatable levels by time:
     D:1: 1125 daAuts
     D:2: 971 daAuts
     D:3: 764 daAuts
